 Dungeon Crawl Stone Soup version 0.31.0-9-g3a7656b989 (webtiles) character file.

Game seed: 2488079151497138535

184 qw the Shooter (level 5, -4/26 HPs)
             Began as a Spriggan Hunter on Feb 2, 2024.
             Slain by an orc warrior
             ... wielding a +0 hand axe
              (11 damage)
             ... on level 4 of the Dungeon.
             The game lasted 00:00:10 (2866 turns).

qw the Shooter (Spriggan Hunter)                    Turns: 2866, Time: 00:00:11

Health: -4/26      AC:  9    Str:  7    XL:     5   Next: 36%
Magic:  6/6        EV: 20    Int: 10    God:
Gold:   192        SH:  0    Dex: 21    Spells: 4/4 levels left

rFire   . . .        a - +0 shortbow
rCold   . . .        (shield currently unavailable)
rNeg    . . .        c - +0 robe
rPois   .            (helmet restricted)
rElec   .            h - +2 cloak
rCorr   .            (gloves unavailable)
SInv    +            (boots unavailable)
Will    .....        (no amulet)
Stlth   ++           l - +4 ring of protection
HPRegen 0.24/turn    (no ring)
MPRegen 0.10/turn

%: no passive effects
@: very quick
A: very small, no large weapons, unfitting armour, see invisible, speed 3
a: no special abilities


You were on level 4 of the Dungeon.
You visited 1 branch of the dungeon, and saw 4 of its levels.

You collected 192 gold pieces.


Innate Abilities, Weirdness & Mutations

You are very small and have problems with some larger weapons.
You are too small for most types of armour.
You have supernaturally acute eyesight. (SInv)
You cover ground extremely quickly. (Speed+++)


   Skills:
 - Level 2.2 Fighting
 + Level 5.5 Ranged Weapons
 - Level 5.0 Dodging
 - Level 1.5 Stealth


You had 4 spell levels left.
You didn't know any spells.
Your spell library was empty.

Inventory:

Hand Weapons
 a - a +0 shortbow (weapon)
Armour
 c - a +0 robe (worn)
 h - a +2 cloak (worn)
Jewellery
 l - a +4 ring of protection (left hand)
Scrolls
 i - a scroll of teleportation
 j - a scroll of revelation {unknown}
Potions
 b - a potion of cancellation {unknown}
 d - a potion of mutation
 e - a potion of resistance {unknown}
 f - a potion of degeneration {unknown}
 g - a potion of attraction {unknown}

Dungeon Overview and Level Annotations

Branches:
Dungeon (4/15)             Temple (0/1) D:4

Altars:

Shops:
D:3 :

Annotations:
D:4 1 runed translucent door, qw's ghost, amateur DEHu


Message History

The orc warrior is moderately wounded.
The orc misses you.
The orc warrior hits you with a +0 hand axe.
You shoot an arrow. The arrow hits the orc warrior!
The orc warrior is severely wounded.
The orc completely misses you. The orc warrior closely misses you.
You shoot an arrow.
The arrow hits the orc warrior but does no damage.
The orc warrior is severely wounded.
You hear the slow hiss of a very distant avalanche of sand.
The orc barely misses you.
The orc warrior hits you with a +0 hand axe.
You shoot an arrow.
The arrow closely misses the orc warrior.
The orc completely misses you. The orc warrior completely misses you.
You shoot an arrow.
The arrow barely misses the orc warrior.
The orc hits you with a +0 whip. The orc warrior closely misses you.
You shoot an arrow.
The arrow barely misses the orc warrior.
The orc closely misses you.
The orc warrior hits you with a +0 hand axe.
You shoot an arrow.
The arrow hits the orc warrior but does no damage.
The orc warrior is severely wounded.
The orc barely misses you.
The orc warrior hits you but does no damage.
You shoot an arrow.
The arrow barely misses the orc warrior.
The orc hits you but does no damage.
The orc warrior hits you with a +0 hand axe.
A scorpion comes into view.
You shoot an arrow.
The arrow hits the orc warrior but does no damage.
The orc warrior is severely wounded.
The orc closely misses you.
The orc warrior hits you with a +0 hand axe.
The orc misses you.
The orc warrior hits you with a +0 hand axe!
You die...

###
#.##########################
#..........................#
#.########################.##
#.# #o@............# ##.####
#o############## ......# #.
......# .. ..#.#.# ...
#.....# .s.. #.#.#.# ..)..
........ ...... ...######


You could see an orc warrior, a scorpion and an orc.

Vanquished Creatures
  An orc priest (D:3)
  A hound (D:4)
  3 gnolls (D:2)
  4 adders (D:2)
  5 dart slugs
  5 orcs
  5 ball pythons
  2 bats
  4 endoplasms
  A giant cockroach (D:2)
  5 goblins
  3 hobgoblins (D:3)
  7 kobolds
  A quokka (D:1)
  A frilled lizard (D:1)
  5 rats
53 creatures vanquished.

Notes
Turn   | Place    | Note
-------+----------+-------------------------------------------
     0 | D:1      | qw the Spriggan Hunter began the quest for the Orb.
     0 | D:1      | Reached XP level 1. HP: 10/10 MP: 2/2
     0 | D:1      | 0 ||| qw: Version: 0.3-a-155-g5e7d8dd
     0 | D:1      | 0 ||| qw: Game counter: 2474
     0 | D:1      | 0 ||| qw: Melee chars always use a shield: true
     0 | D:1      | 0 ||| qw: God list: Okawaru
     0 | D:1      | 0 ||| qw: Allow faded altars: false
     0 | D:1      | 0 ||| qw: Do Orc after clearing Dungeon:15 true
     0 | D:1      | 0 ||| qw: Do second Lair branch before Depths: true
     0 | D:1      | 0 ||| qw: Lair rune preference: random
     0 | D:1      | 0 ||| qw: Goals: Normal
     0 | D:1      | 0 ||| PLANNING D:1-11
    33 | D:1      | Reached skill level 3 in Dodging
   103 | D:1      | Found a faded altar of an unknown god.
   163 | D:1      | Reached XP level 2. HP: 14/14 MP: 3/3
   739 | D:1      | 739 ||| READING scroll labelled WUAWKYPERPH.
   739 | D:1      | 739 ||| IDENTIFYING fuming black potion
   740 | D:1      | 740 ||| READING scroll labelled FUSOTZY MAOPP.
   742 | D:1      | 742 ||| DROPPING scroll of butterflies.
   832 | D:1      | 832 ||| READING scroll labelled KIDING ROIBU.
  1076 | D:2      | Reached XP level 3. HP: 18/18 MP: 4/4
  1140 | D:2      | 1140 ||| FLEEEEING.
  1141 | D:2      | 1141 ||| FLEEEEING.
  1142 | D:2      | 1142 ||| FLEEEEING.
  1147 | D:2      | 1147 ||| FLEEEEING.
  1148 | D:2      | 1148 ||| FLEEEEING.
  1149 | D:2      | 1149 ||| FLEEEEING.
  1150 | D:2      | 1150 ||| FLEEEEING.
  1151 | D:2      | 1151 ||| FLEEEEING.
  1152 | D:2      | 1152 ||| FLEEEEING.
  1153 | D:2      | 1153 ||| FLEEEEING.
  1154 | D:2      | 1154 ||| FLEEEEING.
  1155 | D:2      | 1155 ||| FLEEEEING.
  1158 | D:2      | 1158 ||| FLEEEEING.
  1159 | D:2      | 1159 ||| FLEEEEING.
  1160 | D:2      | 1160 ||| FLEEEEING.
  1161 | D:2      | 1161 ||| FLEEEEING.
  1162 | D:2      | 1162 ||| FLEEEEING.
  1163 | D:2      | 1163 ||| FLEEEEING.
  1164 | D:2      | 1164 ||| FLEEEEING.
  1165 | D:2      | 1165 ||| FLEEEEING.
  1166 | D:2      | 1166 ||| FLEEEEING.
  1167 | D:2      | 1167 ||| FLEEEEING.
  1168 | D:2      | 1168 ||| FLEEEEING.
  1169 | D:2      | 1169 ||| FLEEEEING.
  1171 | D:2      | 1171 ||| FLEEEEING.
  1172 | D:2      | 1172 ||| FLEEEEING.
  1173 | D:2      | 1173 ||| FLEEEEING.
  1174 | D:2      | 1174 ||| FLEEEEING.
  1175 | D:2      | 1175 ||| FLEEEEING.
  1196 | D:2      | Identified the +2 spear "Xaneesez" {antimagic, rC+ Stlth+}
  1252 | D:2      | Reached XP level 4. HP: 13/22 MP: 5/5
  1643 | D:2      | 1643 ||| UPGRADING to +2 cloak.
  1648 | D:2      | 1648 ||| UPGRADING to +4 ring of protection.
  1649 | D:2      | 1649 ||| READING scroll of identify.
  1649 | D:2      | 1649 ||| IDENTIFYING green potion
  1650 | D:2      | 1650 ||| READING scroll labelled VUVEQI KUVUR.
  1751 | D:2      | 1751 ||| READING scroll labelled DOHUNI KAUW.
  1751 | D:2      | 1751 ||| ENCHANTING +0 shortbow.
  1752 | D:2      | 1752 ||| READING scroll labelled XELUOG HUROU.
  1753 | D:2      | 1753 ||| DROPPING potion of ambrosia.
  1992 | D:3      | Found Imulier's Book Boutique.
  2066 | D:3      | 2066 ||| RETREEEEATING.
  2075 | D:3      | Reached XP level 5. HP: 26/26 MP: 6/6
  2597 | D:3      | 2597 ||| READING 2 scrolls labelled PUASSOJ ZEICO.
  2600 | D:3      | 2600 ||| READING scroll labelled TOT SOS XUFOIRULO.
  2601 | D:3      | 2601 ||| READING scroll labelled WEIPSO SICWIK.
  2603 | D:3      | 2603 ||| Stepping ~*~*~tactically~*~*~ (cloud).
  2612 | D:3      | HP: 6/26 [poisoned by you (poison gas)]
  2716 | D:4      | 2716 ||| PLANNING OSSUARY
  2723 | D:4      | Found a runed translucent door.
  2727 | D:4      | Noticed qw's ghost (amateur DEHu)
  2737 | D:4      | Found a staircase to the Ecumenical Temple.
  2848 | D:4      | Noticed an orc warrior
  2866 | D:4      | Slain by an orc warrior

Levels and vault maps discovered:
D:1:      erik_arrival_cave_to_civilisation [erik_arrival_cave_to_hall],
          layout_basic, ebering_ecumenical_altar_abandoned
D:2:      layout_loops_ring, minmay_heptomino_h4
D:3:      layout_loops_corners, serial_shops, shop
D:4:      layout_basic, minmay_temple_entry_mist, serial_glass, glass_columns_b,
          glass_columns_a, glass_columns_c, glass_columns_a, glass_columns_b,
          glass_columns_c, glass_columns_a, glass_columns_a, glass_columns_a,
          glass_columns_a, glass_columns_c, glass_columns_a, glass_columns_b,
          glass_columns_a, gup_ossuary_entry_pyramid, ebering_ghost_sewer_d,
          minivault_26

Skill      XL: |  1  2  3  4 |
---------------+-------------+-----
Dodging        | 3 4 5 |  5.0
Ranged Weapons | 5 |  5.5
Fighting       | 2 |  2.2
Stealth        | |  1.5

Action                     |  1- 3 |  4- 6 || total
---------------------------+-------+-------++-------
   Fire: Shortbow          |   120 |    77 ||   197
    Use: Scroll            |     3 |     7 ||    10
 Armour: Robe              |    14 |    13 ||    27
  Dodge: Dodged            |    47 |    36 ||    83

Table legend:
 A = Non-vault XP
 B = Vault XP
 C = Vault XP percentage of total XP
 D = Non-vault monster count
 E = Vault monster count
 F = Vault count percentage of total count
                 A         B        C        D         E       F
            +---------+---------+-------+---------+---------+-------
      Total |     237 |      27 |  10.2 |      47 |       6 |  11.3
            +---------+---------+-------+---------+---------+-------
        D:1 |      27 |       3 |  10.0 |      16 |       2 |  11.1
        D:2 |      96 |      24 |  20.0 |      14 |       4 |  22.2
        D:3 |      70 |       0 |   0.0 |      14 |       0 |   0.0
        D:4 |      44 |       0 |   0.0 |       3 |       0 |   0.0
            +---------+---------+-------+---------+---------+-------
